 Dungeon Crawl Stone Soup version 0.28-a0-850-g09de17f5b5 (webtiles) character file.

Game seed: 5801394471697398968

14432 vurker the Thaumaturge (level 12, -1/82 HPs)
             Began as an Octopode Air Elementalist on Nov 13, 2021.
             Was a High Priest of Vehumet.
             Slain by a five-headed hydra (15 damage)
             ... on level 11 of the Dungeon.
             The game lasted 00:24:34 (19151 turns).

vurker the Thaumaturge (Octopode Air Elementalist) Turns: 19151, Time: 00:24:35

Health: -1/82      AC:  3    Str:  8    XL:     12   Next: 16%
Magic:  12/26      EV: 13    Int: 23    God:    Vehumet [*****.]
Gold:   692        SH:  0    Dex: 13    Spells: 20/32 levels left

rFire   . . .      SeeInvis .   h - +3 dagger (venom)
rCold   + . .      Faith    .   (no shield)
rNeg    . . .      Spirit   .   x - +2 hat "Adwiotzo" {Int+2}
rPois   .          Reflect  .   p - amulet "Enacrit" {RegenMP rC+}
rElec   .          Harm     .   c - ring of flight
rCorr   .          Rampage  .   (no ring)
Will    .....                   (no ring)
Stlth   +++.......              (no ring)
HPRegen 0.23/turn               (no ring)
MPRegen 0.45/turn               (no ring)
                                (no ring)
                                (no ring)

@: flying
A: almost no armour, amphibious, 8 rings, camouflage 1, gelatinous body 1,
(nimble swimmer 1), tentacles
a: Renounce Religion


You were on level 11 of the Dungeon.
You worshipped Vehumet.
Vehumet was extremely pleased with you.
You visited 2 branches of the dungeon, and saw 12 of its levels.
You also visited: Ossuary.

You collected 692 gold pieces.

Inventory:

Hand Weapons
 h - a +3 dagger of venom (weapon)
   (You took it off a kobold on level 2 of the Dungeon)
Missiles
 e - 2 throwing nets
Armour
 x - the +2 hat "Adwiotzo" (worn) {Int+2}
   (You acquired it on level 10 of the Dungeon)

   Int:       It affects your intelligence (+2).
Magical Staves
 a - a staff of cold
   (You found it on level 6 of the Dungeon)
 b - a staff of death
   (You found it on level 5 of the Dungeon)
Jewellery
 c - a ring of flight (left tentacle)
   (You found it on level 8 of the Dungeon)
 p - the amulet "Enacrit" (around mantle) {RegenMP rC+}
   (You took it off a wight on level 10 of the Dungeon)

   [amulet of magic regeneration]

   It increases your rate of magic regeneration.
   rC:        It protects you from cold.
Wands
 d - a wand of iceblast (7)
   (You found it on level 11 of the Dungeon)
 q - a wand of polymorph (18)
   (You took it off Crazy Yiuf on level 3 of the Dungeon)
 t - a wand of flame (81)
   (You took it off Sigmund on level 3 of the Dungeon)
 u - a wand of paralysis (4)
   (You took it off Maurice on level 8 of the Dungeon)
 v - a wand of digging (6)
   (You found it on level 11 of the Dungeon)
Scrolls
 f - 2 scrolls of immolation
 m - a scroll of magic mapping
 y - 4 scrolls of amnesia
Potions
 g - 3 potions of heal wounds
 i - a potion of lignification
 j - 2 potions of flight
 k - 3 potions of brilliance
 l - 5 potions of curing
 n - a potion of mutation
 r - a potion of attraction
 s - 2 potions of haste


   Skills:
 + Level 8.0 Fighting
 - Level 2.0 Dodging
 - Level 2.6 Stealth
 * Level 10.7 Spellcasting
 - Level 3.0 Conjurations
 * Level 9.2 Ice Magic
 + Level 10.0 Air Magic


You had 20 spell levels left.
You knew the following spells:

 Your Spells              Type           Power      Damage    Failure   Level
a - Shock                 Conj/Air       100%       1d9       1%          1
b - Ozocubu's Refrigerat  Ice            26%        4d10      24%         7
c - Airstrike             Air            28%        N/A       1%          4

Your spell library contained the following spells:

 Spells                   Type           Power      Damage    Failure   Level
 Iron Shot                Conj/Erth      9%         9d3       69%         6
 Corpse Rot               Necr/Air       70%        N/A       1%          2
 Ensorcelled Hibernation  Hex/Ice        66%        N/A       1%          2
 Static Discharge         Conj/Air       42%        N/A       1%          2
 Frozen Ramparts          Ice            100%       1d12      1%          3
 Mephitic Cloud           Conj/Pois/Air  32%        N/A       1%          3
 Ozocubu's Armour         Ice            53%        N/A       1%          3
 Swiftness                Air            56%        N/A       1%          3
 Freezing Cloud           Conj/Ice/Air   23%        6-21      1%          5
 Ignite Poison            Fire/Tmut/Pois 12%        N/A       4%          3
 Slow                     Hex            48%        N/A       5%          1
 Ice Form                 Ice/Tmut       33%        N/A       8%          4
 Summon Ice Beast         Ice/Summ       33%        N/A       8%          4
 Confusing Touch          Hex            12%        N/A       16%         3
 Gell's Gravitas          Tloc           12%        N/A       16%         3
 Lesser Beckoning         Tloc           12%        N/A       16%         3
 Spider Form              Tmut/Pois      12%        N/A       16%         3
 Teleport Other           Tloc           12%        N/A       16%         3
 Vampiric Draining        Necr           12%        2d6       16%         3
 Dispel Undead            Necr           12%        3d9       45%         4
 Death Channel            Necr           6%         N/A       100%        6


Dungeon Overview and Level Annotations

Branches:
Dungeon (11/15)            Temple (1/1) D:4            Lair (0/6) D:10
    Orc (0/2) D:11        Ossuary (visited)

Altars:
Ashenzari
Cheibriados
Dithmenos
Elyvilon
Fedhas
Gozag
Hepliaklqana
Kikubaaqudgha
Makhleb
Nemelex Xobeh
Okawaru
Qazlal
Ru
Sif Muna
Trog
Uskayaw
Vehumet
Wu Jian
Xom
Yredelemnul
Zin
The Shining One

Shops:
D:1 :   D:9 =   D:10 =

Annotations:
D:9 1 runed translucent door, whitenoisemaker's ghost, novice DjFE
D:10 3 runed translucent doors, Megustar's ghost, journeyman DEFE


Innate Abilities, Weirdness & Mutations

You cannot wear most types of armour.
You are amphibious.
You can wear up to eight rings at the same time.
Your skin changes colour to match your surroundings (Stealth+).
Your rubbery body absorbs attacks. (AC +1, EV +1)
((You are camouflaged near water. (Stealth+)))
You have tentacles for arms and can constrict up to eight enemies at once.


Message History

The iceblast engulfs the centaur warrior zombie!
The centaur warrior zombie partially resists.
You hear an angry buzzing noise. x2
The centaur warrior zombie barely misses you.
The centaur warrior zombie kicks you but does no damage.
The mass of ice explodes!
The iceblast engulfs the centaur warrior zombie!
The centaur warrior zombie partially resists.
You hear a shout!
The centaur warrior zombie barely misses you. x2
The centaur warrior zombie closely misses you.
The centaur warrior zombie kicks you.
* * * LOW HITPOINT WARNING * * *
The zap hits the centaur warrior zombie!
The zap hits the centaur warrior zombie.
You destroy the centaur warrior zombie!
Vehumet accepts your kill.
You feel your power returning.
An orc wizard comes into view. It is wielding a +0 dagger.
A centaur warrior zombie comes into view.
The centaur warrior zombie closely misses you. x2
A five-headed hydra comes into view.
The centaur warrior zombie hits you but does no damage.
The centaur warrior zombie kicks you.
* * * LOW HITPOINT WARNING * * *
Okay, then.
Okay, then.
The centaur warrior zombie hits you.
* * * LOW HITPOINT WARNING * * *
The centaur warrior zombie closely misses you.
Unknown command.
As you read the scroll of fear, it crumbles to dust.
You assume a fearsome visage.
The orc wizard looks frightened!
The centaur warrior zombie is unaffected.
The five-headed hydra resists with some effort.
The centaur warrior zombie hits you but does no damage.
The centaur warrior zombie barely misses you.
The orc wizard mumbles some strange words.
The orc wizard flickers and vanishes!
Deactivating autopickup; reactivate with Ctrl-A.
Okay, then.
The centaur warrior zombie hits you but does no damage.
The centaur warrior zombie barely misses you.
The centaur warrior zombie hits you.
* * * LOW HITPOINT WARNING * * *
The centaur warrior zombie misses you. The five-headed hydra bites you!
* * * LOW HITPOINT WARNING * * *
The five-headed hydra bites you!
You die...

#...................####
#...###.##..........
#..##.#.#.........<
#####................ #
#..#...............
..#......#....#.#.#.
.........##..#### # ..
.........#..).# ..
#...........@## ..
#........D..# .#
...##..##.Z.## )#
#........#....# .#
##...........##+######.#
#.##.#####...#.#.#.#..#
# ## #........o...#
#.......###### #########


You could see a five-headed hydra and a centaur warrior zombie.

Vanquished Creatures
  Erica (D:8)
  2 two-headed ogres
  A centaur warrior (D:11)
  An ugly thing (D:11)
  A manticore (D:11)
  Maurice (D:8)
  2 centaur zombies
  A gargoyle (D:11)
  A troll (D:11)
  2 hornets
  Prince Ribbit (D:8)
  Sigmund (D:3)
  A wraith (D:10)
  A vampire (D:11)
  19 yaks
  2 wyverns
  3 vampire mosquitoes (D:11)
  Menkaure (D:5)
  4 water moccasins
  9 orc warriors
  2 sky beasts (D:7)
  4 ice beasts
  2 ogres
  3 black bears
  3 necrophages
  3 centaurs
  A phantom (D:4)
  3 kobold brigands
  A wyvern zombie (D:9)
  3 bullfrogs
  A wyvern skeleton (D:4)
  2 scorpions
  A killer bee (D:8)
  7 wights
  4 howler monkeys
  An electric eel (D:8)
  A bullfrog zombie (D:5)
  A human zombie (Ossuary)
  5 hounds
  Crazy Yiuf (D:3)
  8 orc priests
  3 gnoll shamans
  A jelly (D:6)
  A centaur skeleton (D:6)
  Jessica (D:3)
  4 iguanas
  7 orc wizards
  3 mummies
  2 howler monkey zombies (D:8)
  16 gnolls
  6 adders
  A shadow imp (D:5)
  2 white imps (D:8)
  2 ufetubi
  2 adder zombies
  A worm (D:3)
  A dart slug (D:5)
  69 orcs
  3 endoplasms
  4 goblins
  7 hobgoblins
  4 jackals
  15 kobolds
  2 quokkas
  6 ball pythons
  4 bats
  3 frilled lizards
  2 goblin zombies
  11 hobgoblin zombies (Ossuary)
  A jackal zombie (Ossuary)
  9 kobold zombies (Ossuary)
  10 orc zombies
  3 rats
  3 rat zombies (Ossuary)
321 creatures vanquished.

Notes
Turn   | Place    | Note
-------+----------+-------------------------------------------
     0 | D:1      | vurker the Octopode Air Elementalist began the quest for
                  | the Orb.
     0 | D:1      | Reached XP level 1. HP: 11/11 MP: 3/3
   179 | D:1      | Found Badyis's Book Emporium.
   523 | D:1      | Reached XP level 2. HP: 17/17 MP: 0/5
  1182 | D:2      | Reached XP level 3. HP: 22/22 MP: 2/6
  1184 | D:2      | Reached skill level 1 in Fighting
  1557 | D:2      | Reached XP level 4. HP: 28/28 MP: 5/8
  1974 | D:3      | Found a shimmering blue altar of Sif Muna.
  2289 | D:3      | Noticed Sigmund
  2391 | D:3      | Found a runed translucent door.
  2392 | D:3      | Noticed Crazy Yiuf
  2501 | D:3      | Noticed Jessica
  2508 | D:3      | Killed Jessica
  2509 | D:3      | Reached XP level 5. HP: 33/33 MP: 3/9
  2659 | D:3      | Noticed a black bear
  2672 | D:3      | Killed a black bear
  2673 | D:3      | Reached XP level 6. HP: 22/39 MP: 4/11
  2814 | D:3      | Learned a level 4 spell: Airstrike
  2835 | D:3      | Found a faded altar of an unknown god.
  2898 | D:3      | Killed Sigmund
  2977 | D:3      | Killed Crazy Yiuf
  2978 | D:3      | Reached skill level 5 in Air Magic
  3362 | D:4      | Reached XP level 7. HP: 35/45 MP: 7/13
  4139 | D:4      | Found a staircase to the Ecumenical Temple.
  4213 | Temple   | Entered the Ecumenical Temple
  4398 | Temple   | Became a worshipper of Vehumet
  4532 | D:4      | Identified the +6 short sword of Might {antimagic, rElec
                  | Dex+2}
  4675 | D:4      | Reached skill level 5 in Spellcasting
  4951 | D:5      | Entered Level 5 of the Dungeon
  5063 | D:5      | Noticed Menkaure
  5076 | D:5      | Reached XP level 8. HP: 50/52 MP: 8/15
  5077 | D:5      | Killed Menkaure
  6609 | D:5      | Reached XP level 9. HP: 45/59 MP: 0/18
  6867 | D:6      | Reached * piety under Vehumet
  6867 | D:6      | Offered knowledge of Foxfire by Vehumet.
  7147 | D:6      | Learned a level 7 spell: Ozocubu's Refrigeration
  7388 | D:6      | Reached skill level 1 in Ice Magic
  8005 | D:6      | Reached skill level 5 in Fighting
  9416 | D:7      | Offered knowledge of Magic Dart by Vehumet.
  9673 | D:7      | Reached ** piety under Vehumet
 10581 | D:8      | Found a sand-covered staircase.
 10655 | Ossuary  | Entered an ossuary
 10664 | Ossuary  | Reached XP level 10. HP: 67/67 MP: 9/21
 11352 | Ossuary  | Offered knowledge of Searing Ray by Vehumet.
 11978 | D:8      | Reached *** piety under Vehumet
 12489 | D:8      | Offered knowledge of Sticky Flame by Vehumet.
 12586 | D:8      | Reached skill level 5 in Ice Magic
 13154 | D:8      | Noticed Prince Ribbit
 13155 | D:8      | Noticed Erica
 13163 | D:8      | Killed Prince Ribbit
 13205 | D:8      | Killed Erica
 13359 | D:8      | Noticed Maurice
 13376 | D:8      | Killed Maurice
 13834 | D:9      | Noticed a two-headed ogre
 13838 | D:9      | Killed a two-headed ogre
 14124 | D:9      | Found a runed translucent door.
 14124 | D:9      | Noticed whitenoisemaker's ghost (novice DjFE)
 14156 | D:10     | Entered Level 10 of the Dungeon
 14228 | D:10     | Found Odgheown's Jewellery Shoppe.
 14241 | D:10     | Found a staircase to the Lair.
 14245 | D:10     | Reached XP level 11. HP: 74/74 MP: 15/24
 14246 | D:10     | Identified the amulet "Enacrit" {RegenMP rC+}
 14296 | D:10     | Noticed a two-headed ogre
 14843 | D:9      | Found Kyomp's Jewellery Emporium.
 15780 | D:10     | Killed a two-headed ogre
 16080 | D:10     | Reached **** piety under Vehumet
 16642 | D:10     | Reached skill level 10 in Spellcasting
 16671 | D:10     | Found a runed translucent gate.
 16671 | D:10     | Found a runed translucent gate.
 16671 | D:10     | Found a runed translucent gate.
 16672 | D:10     | Noticed a frost giant
 16672 | D:10     | Noticed Megustar's ghost (journeyman DEFE)
 16673 | D:10     | You are sucked into a shaft and drop 1 floor!
 16680 | D:11     | Offered knowledge of Iskenderun's Mystic Blast by Vehumet.
 16997 | D:10     | Identified a scroll of acquirement
 16997 | D:10     | Acquired the +2 hat "Adwiotzo" {Int+2}
 18240 | D:11     | Noticed a white ugly thing
 18246 | D:11     | Killed a white ugly thing
 18546 | D:11     | Found a staircase to the Orcish Mines.
 18562 | D:11     | Noticed a manticore
 18569 | D:11     | Killed a manticore
 18569 | D:11     | Reached ***** piety under Vehumet
 18569 | D:11     | Offered knowledge of Iron Shot by Vehumet.
 18919 | D:11     | Reached XP level 12. HP: 82/82 MP: 16/26
 19112 | D:11     | Noticed a centaur warrior
 19116 | D:11     | Killed a centaur warrior
 19117 | D:11     | Reached skill level 10 in Air Magic
 19139 | D:11     | Noticed a five-headed hydra
 19151 | D:11     | Slain by a five-headed hydra

Illustrated notes

Levels and vault maps discovered:
D:1:      lightli_molten_gateway, layout_basic, serial_shops, shop
D:2:      layout_loops_ring
D:3:      layout_rooms, mainiacjoe_overflow_concentric_impassable,
          dreamdust_ecumenical_altar_statues, nrook_campfire,
          kennysheep_jessica_study, uniq_sigmund, uniq_crazy_yiuf_cottage
D:4:      layout_basic, minmay_temple_entry_butterflies,
          minmay_misc_feat_nine_boxes, st_stairs_4
D:5:      layout_basic, minmay_pentangle, uniq_menkaure
D:6:      layout_basic, kennysheep_generic_room_4
D:7:      layout_loops_cross, st_stairs_10
D:8:      wad_river_or_something, layout_basic, nicolae_ossuary_entry_giza,
          uniq_erica, uniq_prince_ribbit1, uniq_maurice
D:9:      layout_basic, serial_shops, nicolae_shop_waterfront,
          gammafunk_ghost_grave
D:10:     layout_loops_ring, lair_entry_dummy, serial_glass, glass_columns_b,
          glass_columns_a, unseen_surprise_small, item_on_display_a,
          feat_on_display, due_unseen_surprise, serial_shops,
          nicolae_take_the_stairs, gammafunk_ghost_split, special_room
          [special_room_orc]
D:11:     layout_cave_pools, hiddenorc1_lemuel, onia_ninara_cookie
Temple:   roderic_octagonal_lattice_temple

Skill      XL: |  1  2  3  4  5  6  7  8  9 10 11 12 |
---------------+-------------------------------------+-----
Fighting       | 1 2 3 4 5 6 7 8 |  8.0
Spellcasting   | 3 4 5 6 7 9 10 | 10.7
Conjurations   | 2 3 |  3.0
Air Magic      | 4 5 7 8 9 10 | 10.0
Ice Magic      | 4 6 8 9 |  9.2
Dodging        | |  2.0
Stealth        | |  2.6

Action                   |  1- 3 |  4- 6 |  7- 9 | 10-12 || total
-------------------------+-------+-------+-------+-------++-------
Melee: Dagger            |     6 |     3 |     9 |    27 ||    45
       Constrict         |     2 |       |     2 |     4 ||     8
       Tentacles         |     1 |       |     1 |     8 ||    10
       Unarmed           |       |     2 |       |       ||     2
 Cast: Shock             |    47 |    68 |   132 |    99 ||   346
       Airstrike         |       |       |   109 |   289 ||   398
Evoke: Wand              |       |       |       |     8 ||     8
  Use: Scroll            |       |       |    16 |    11 ||    27
       Potion            |       |       |     1 |     3 ||     4
Armor: Skin              |     2 |     2 |     6 |    15 ||    25
Dodge: Dodged            |     9 |     8 |    57 |    92 ||   166

Table legend: (Time is in decaauts)
 A = Elapsed time spent in this place.
 B = Non-inter-level travel time spent in this place.
 C = Inter-level travel time spent in this place.
 D = Time resting spent in this place.
 E = Time spent auto-exploring this place.
 F = Levels seen in this place.
 G = Mean time per level.
                   A        B        C        D        E       F      G
               +--------+--------+--------+--------+--------+-----+--------+
         Total |  19175 |  18573 |    602 |   1841 |  14291 |  13 | 1475.0 |
       Dungeon |  17811 |  17239 |    572 |   1696 |  13268 |  11 | 1619.2 |
        Temple |    306 |    276 |     30 |      0 |    253 |   1 |  306.0 |
       Ossuary |   1057 |   1057 |      0 |    145 |    770 |   1 | 1057.0 |
               +--------+--------+--------+--------+--------+-----+--------+

Top non-repeatable levels by time:
    D:10: 2396 daAuts
     D:8: 2351 daAuts
     D:5: 2265 daAuts
     D:6: 1816 daAuts
     D:9: 1661 daAuts
     D:7: 1499 daAuts
     D:3: 1360 daAuts
     D:4: 1317 daAuts
    D:11: 1173 daAuts
     D:2: 1165 daAuts
 Ossuary: 1057 daAuts
     D:1: 804 daAuts
  Temple: 306 daAuts
